AoeStats
← Chris77A

Oasis

507054220Analyzed
2v2 RM · 16d ago on Sep 16, 2026· 66m 21s· 4 players
Game mode
Random Map
Map size
Medium (4 player)
Population
200
Speed
Normal
Resources
Standard
Victory
Conquest
Starting age
Dark Age
Ending age
Imperial Age
RankedLock teamsTeams togetherTeam positionsShared explorationLock speedFull tech treeHidden civsTurbo modeCheats
Victory
Defeat
🇬🇧 Hindustanis · United Kingdom
1290
+14
🇬🇧 Byzantines · United Kingdom
1229
+17
🇩🇪 Mongols · Germany
1286
-17
🇩🇪 Franks · Germany
1221
-14
R.Tora
9:52 Feudal Age
11:36 Double-Bit Axe
12:21 Forging
12:15 Loom
17:35 Horse Collar
21:47 Castle Age
20:27 Gold Mining
25:47 Wheelbarrow
26:48 Bow Saw
26:46 Heavy Plow
27:02 Fletching
30:21 Bodkin Arrow
30:26 Padded Archer Armor
30:55 Ballistics
32:29 Leather Archer Armor
32:16 Stone Mining
34:19 Hand Cart
36:06 Gold Shaft Mining
39:42 Imperial Age
39:50 Imperial Age
40:34 Bracer
41:40 Chemistry
41:03 Conscription
41:51 Conscription
44:53 Pikeman
45:34 Squires
45:13 Light Cavalry
46:04 Bloodlines
45:54 Husbandry
47:08 Iron Casting
46:40 Scale Barding Armor
46:40 Hussar
52:38 Blast Furnace
57:31 Chain Barding Armor
herO
9:38 Loom
11:45 Feudal Age
16:47 Castle Age
15:50 Double-Bit Axe
17:43 Wheelbarrow
18:15 Bow Saw
21:48 Husbandry
22:30 Scale Barding Armor
23:48 Wheelbarrow
25:30 Town Watch
25:37 Gold Mining
26:38 Forging
26:49 Chain Barding Armor
27:39 Pikeman
28:20 Squires
29:26 Iron Casting
28:52 Arson
34:58 Hand Cart
34:44 Town Patrol
38:02 Imperial Age
38:07 Cavalier
39:54 Blast Furnace
39:29 Plate Barding Armor
40:18 Paladin
40:42 Man-at-Arms
41:07 Gambesons
43:33 Long Swordsman
44:30 Two-Handed Swordsman
46:54 Champion
48:07 Scale Mail Armor
56:50 Chain Mail Armor
58:46 Plate Mail Armor
DrunkMonk
4:45 Loom
10:39 Feudal Age
11:11 Double-Bit Axe
15:24 Forging
16:16 Scale Barding Armor
16:13 Horse Collar
22:17 Castle Age
21:20 Bloodlines
23:07 Husbandry
26:14 Wheelbarrow
26:58 Town Watch
26:41 Elite Skirmisher
27:21 Fletching
29:28 Chain Barding Armor
33:51 Bodkin Arrow
33:57 Padded Archer Armor
35:36 Bow Saw
38:51 Imperial Age
36:39 Heavy Plow
37:54 Leather Archer Armor
38:54 Ballistics
40:03 Conscription
39:58 Heavy Camel Rider
42:09 Chemistry
41:45 Thumb Ring
41:56 Bracer
45:42 Siege Engineers
46:21 Masonry
47:45 Hand Cart
48:35 Two-Man Saw
49:31 Imperial Camel Rider
49:56 Light Cavalry
53:49 Grand Trunk Road
55:03 Hussar
57:29 Caravan
63:38 Ring Archer Armor
63:43 Plate Barding Armor
Chris77A
3:55 Loom
11:55 Feudal Age
18:24 Castle Age
16:38 Double-Bit Axe
17:01 Horse Collar
20:37 Wheelbarrow
24:33 Hand Cart
26:03 Scale Barding Armor
26:50 Forging
26:33 Fletching
27:53 Chain Barding Armor
29:49 Gold Mining
30:11 Heavy Plow
35:07 Imperial Age
33:46 Iron Casting
32:34 Pikeman
33:15 Squires
33:00 Arson
35:29 Scale Mail Armor
35:12 Halberdier
36:16 Conscription
37:03 Hoardings
37:21 Chain Mail Armor
36:47 Elite Skirmisher
37:32 Thumb Ring
38:20 Heavy Camel Rider
39:35 Plate Mail Armor
39:08 Padded Archer Armor
41:28 Bodkin Arrow
41:57 Ballistics
42:37 Chemistry
42:36 Bracer
42:52 Leather Archer Armor
45:37 Ring Archer Armor
44:31 Elite Cataphract
45:21 Logistica
46:04 Fortified Wall
46:15 Bow Saw
46:58 Plate Barding Armor
47:40 Murder Holes
64:24 Crop Rotation
Connection lost

Rejoining the realm…

Still unreachable

The connection could not be restored.

Session expired

The server has moved on; the page needs a fresh start.